Map: Tryton ER

Players

Legol - Winner!

  • Race: Protoss Protoss
  • League: Platinum
  • Spawn Location: 11:00

Memory

  • Race: Zerg Zerg
  • League: Diamond
  • Spawn Location: 5:00

VOD

Have the link to the VOD?

Description

Time

  • Played on: Jan. 9, 2020, 4:47 p.m.
  • Length: 7:31
Show
View Real Time Build Order
Export as new Build Order

Legol Protoss - Winner!

Build Orders: 1 Gate Expand, Colossus Rush 

Get SALT Encoding   

  12  0:01  Probe  
  13  0:13  Probe  
  14  0:21  Pylon  
  14  0:25  Probe  
  15  0:39  Probe (Chrono Boost)  
  15  0:40  Gateway  
  17  0:51  Probe (Chrono Boost)  
  17  0:56  Probe (Chrono Boost)  
  18  1:06  Probe, Assimilator  
  19  1:26  Nexus  
  19  1:36  Cybernetics Core  
  19  1:39  Probe  
  20  1:51  Probe  
  21  2:04  Gateway  
  21  2:06  Pylon  
  21  2:16  Adept  
  21  2:21  Assimilator  
  23  2:24  Probe  
  23  2:28  Pylon  
  24  2:32  Warp Gate  
  24  2:36  Probe (Chrono Boost)  
  25  2:40  Probe (Chrono Boost)  
  26  2:48  Probe (Chrono Boost)  
  26  2:50  Adept  
  30  2:52  Probe (Chrono Boost)  
  30  2:53  Adept  
  32  3:05  Probe x2  
  34  3:17  Probe  
  34  3:18  Probe  
  36  3:20  Robotics Facility  
  36  3:29  Probe  
  36  3:30  Probe  
  38  3:34  Sentry  
  38  3:35  Stalker  
  42  3:42  Probe x2  
  42  3:46  Pylon  
  40  4:11  Gateway  
  40  4:13  Probe (Chrono Boost), Gateway  
  40  4:14  Probe (Chrono Boost)  
  42  4:17  Pylon  
  42  4:24  Robotics Bay  
  42  4:25  Probe (Chrono Boost)  
  42  4:26  Probe (Chrono Boost)  
  42  4:28  Immortal (Chrono Boost)  
  48  4:31  Stalker  
  48  4:33  Probe x2 (Chrono Boost)  
  48  4:38  Assimilator  
  52  4:39  Probe  
  52  4:40  Probe, Assimilator  
  54  4:50  Stalker  
  56  4:59  Stalker  
  57  5:11  Colossus  
  63  5:15  Probe x2  
  63  5:19  Zealot x2  
  69  5:27  Probe  
  70  5:31  Pylon  
  70  5:35  Pylon  
  70  5:38  Pylon  
  70  5:58  Stalker x4  
  78  6:08  Warp Prism (Chrono Boost)  
  80  6:19  Gateway  
  80  6:20  Gateway  
  80  6:22  Forge  
  80  6:23  Gateway  
  80  6:28  Adept  
  82  6:34  Stalker x3  
  88  6:40  Colossus (Chrono Boost)  
  94  6:57  Pylon  
  94  6:59  Pylon  
  94  7:04  Pylon  
  94  7:07  Pylon  
  94  7:21  Stalker  
  94  7:22  Stalker x6  
Show
View Real Time Build Order
Export as new Build Order

Memory Zerg 

Build Orders: Pool First 

Get SALT Encoding   

  12  0:03  Drone  
  13  0:12  Drone  
  14  0:17  Extractor  
  14  0:18  Overlord  
  13  0:24  Drone  
  15  0:37  Drone x2  
  17  0:46  Drone  
  18  0:57  Drone  
  18  1:01  Spawning Pool  
  18  1:03  Extractor  
  17  1:07  Drone  
  18  1:24  Drone, Hatchery  
  18  1:30  Drone  
  19  1:41  Drone  
  20  1:52  Drone  
  21  2:02  Zergling x2  
  22  2:18  Metabolic Boost  
  22  2:21  Overlord  
  22  2:36  Queen  
  25  2:37  Drone x3  
  25  2:39  Queen  
  29  2:58  Hatchery  
  29  2:59  Drone  
  29  3:00  Drone x3  
  32  3:12  Lair  
  32  3:16  Extractor  
  31  3:42  Drone  
  31  3:43  Drone x2  
  31  3:44  Overlord x2  
  34  3:49  Zergling x4  
  35  3:58  Drone x3  
  35  4:00  Zergling x2  
  34  4:19  Spire  
  34  4:23  Zergling x6  
  34  4:24  Zergling x8  
  37  4:25  Zergling x2  
  41  4:38  Drone x3  
  44  4:40  Queen  
  44  4:45  Drone x4  
  50  5:05  Drone x4  
  50  5:06  Drone x4  
  58  5:13  Overlord x2  
  58  5:23  Overlord x2  
  58  5:37  Spore Crawler  
  58  5:39  Spore Crawler  
  58  5:42  Extractor  
  55  5:43  Extractor  
  55  5:44  Spore Crawler, Mutalisk x4  
  55  5:45  Mutalisk  
  63  6:07  Drone  
  63  6:08  Drone x8  
  63  6:09  Drone x3  
  75  6:15  Mutalisk x2  
  79  6:29  Extractor  
  79  6:30  Drone x4  
  79  6:31  Drone, Extractor  
  82  6:43  Drone x7  
  82  6:44  Drone  
  90  7:09  Hatchery  
  90  7:13  Zergling x2  
Tags
 
Add a new tag
Caveats
  • Supply blocks, unpowered buildings, or Contaminate may cause inaccurate times.
  • Supply counts are checked every 10 seconds.